 Dungeon Sprint DCSS version 0.22-a0-848-ge9e22a0 (webtiles) character file.

123 protoss039 the Cleaver (level 4, -1/47 HPs)
             Began as a Minotaur Fighter on July 26, 2018.
             Killed from afar by a deep elf mage (40 damage)
             ... with a bolt of negative energy
             ... in the Dungeon (Sprint III: "The Ten Rune Challenge").
             The game lasted 00:02:50 (548 turns).

protoss039 the Cleaver (Minotaur Fighter)            Turns: 548, Time: 00:02:51

Health: -1/47      AC:  6    Str: 22    XL:     4   Next: 79%
Magic:  2/2        EV:  7    Int:  5    God:
Gold:   27         SH:  9    Dex:  9    Spells: 3/3 levels left

rFire    + . .     SeeInvis .   a - +0 war axe
rCold    . . .     Gourm    .   c - +0 shield
rNeg     . . .     Faith    .   b - +0 scale mail
rPois    .         Spirit   .   (helmet restricted)
rElec    .         Reflect  .   (no cloak)
rCorr    .         Harm     .   (no gloves)
MR       .....     NoTele   +   (no boots)
Stlth    ..........             (no amulet)
HPRegen  0.15/turn              (no ring)
MPRegen  0.08/turn              (no ring)

@: drained
A: retaliatory headbutt, horns 2, blurry vision 1, fire resistance 1, low mp 1,
wild magic 1
a: no special abilities


You were in the Dungeon.
You were not hungry.

You visited 1 branch You collected 27 gold pieces.

Inventory:

Hand Weapons
 a - a +0 war axe (weapon)
Armour
 b - a +0 scale mail (worn)
 c - a +0 shield (worn)
Wands
 l - a wand of digging (14)
Scrolls
 k - a scroll of blinking
 m - a scroll of holy word {unknown}
 n - 2 scrolls of identify {unknown}
 o - a scroll of amnesia {unknown}
 q - a scroll of torment {unknown}
 r - a scroll of magic mapping {unknown}
Potions
 d - 2 potions of might
 e - a potion of curing
 g - a potion of heal wounds
 h - a potion of haste
 i - 2 potions of magic
 j - a potion of berserk rage
 p - 2 potions of flight {unknown}
Comestibles
 f - 3 rations


   Skills:
 + Level 7.6(6.8) Fighting
 * Level 9.6(8.8) Axes
 - Level 3.6(2.9) Armour
 - Level 3.6(2.9) Shields


You had 3 spell levels left.
You didn't know any spells.
Your spell library was empty.

Dungeon Overview and Level Annotations

Branches:
Dungeon (1/1)

Altars:
Elyvilon
Zin
The Shining One


Innate Abilities, Weirdness & Mutations

You reflexively headbutt those who attack you in melee.
You have a pair of horns on your head.
Scrolls take you a little longer to read.
Your flesh is heat resistant. (rF+)
Your magical capacity is low. (-10% MP)
Your spells are a little harder to cast, but a little more powerful.


Message History

The water elemental is severely damaged.
The water elemental hits you!
The water elemental engulfs you in water!
You slash the water elemental!
You destroy the water elemental!
Your Fighting skill increases to level 7!
Your Axes skill gained 2 levels and is now at level 9!
You have reached level 4!
You feel stronger.
You gasp with relief as air once again reaches your lungs.
There is an open door to the Ecumenical Temple here.
You open the door.
Found three altars.
A deep elf mage comes into view.
It is wielding a long sword of holy wrath.
The deep elf mage picks up a potion of heal wounds.
There is an open door here.
The deep elf mage gestures at you while chanting.
The bolt of negative energy hits you!
You feel drained.
Ouch! That really hurt!
You die...

▓▓▓▓▓▓▓▓▓ ▓▓▓ ..'.....♣
♣.##### ..#....♣♣♣
♣.#___# ###....♣.♣
♣.#e@.#
..#....≈.♣♣♣♣.###'#+###+#
.[#...≈≈♣...♣.#..........
..#..≈≈≈≈♣.♣♣.'.⌠........
#'#..≈≈≈≈≈≈...#...######+
..#.≈≈≈≈≈≈....#.⌠.#
..#.≈≈≈≈≈.....#...#
..#.≈≈≈.......#+###
###...........#


You could see a deep elf mage.

Vanquished Creatures
  A water elemental (D)
  Jessica (D)
  A human (D)
  A wolf (D)
  An ooze (D)
  2 rats (D)
7 creatures vanquished.

Vanquished Creatures (others)
  2 draconian scorchers (D)
  6 hellions (D)
  A yaktaur (D)
  3 plants (D)
12 creatures vanquished.

Grand Total: 19 creatures vanquished

Notes
Turn   | Place    | Note
-------+----------+-------------------------------------------
     0 | D        | protoss039 the Minotaur Fighter began the quest for the Orb.
     0 | D        | Reached XP level 1. HP: 19/19 MP: 0/0
     6 | D        | Reached skill level 4 in Axes
    43 | D        | Killed a yaktaur
    81 | D        | Noticed Jessica
    89 | D        | Killed Jessica
    89 | D        | Reached skill level 5 in Fighting
    89 | D        | Reached skill level 6 in Axes
    89 | D        | Reached XP level 2. HP: 14/29 MP: 1/1
    89 | D        | Reached XP level 3. HP: 17/36 MP: 2/2
   110 | D        | Killed a hellion
   111 | D        | Killed a hellion
   111 | D        | Killed a hellion
   112 | D        | Killed a hellion
   112 | D        | Killed a hellion
   157 | D        | Killed a white draconian scorcher
   162 | D        | Killed a hellion
   173 | D        | Killed a white draconian scorcher
   262 | D        | Reached skill level 7 in Axes
   514 | D        | Gained mutation: Scrolls take you a little longer to read. [potion of mutation]
   514 | D        | Gained mutation: You have sharp toenails. [potion of mutation]
   515 | D        | Lost mutation: Scrolls take you a little longer to read. [potion of mutation]
   515 | D        | Lost mutation: You have sharp toenails. [potion of mutation]
   515 | D        | Gained mutation: You are agile. (Dex +2) [potion of mutation]
   515 | D        | Gained mutation: Your magical capacity is low. (-10% MP) [potion of mutation]
   515 | D        | Gained mutation: Your flesh is heat resistant. (rF+) [potion of mutation]
   515 | D        | Gained mutation: You are partially covered in large bone plates. (SH +4) [potion of mutation]
   516 | D        | Lost mutation: Your flesh is heat resistant. (rF+) [potion of mutation]
   516 | D        | Lost mutation: Your magical capacity is low. (-10% MP) [potion of mutation]
   516 | D        | Lost mutation: You are agile. (Dex +2) [potion of mutation]
   516 | D        | Lost mutation: You are partially covered in large bone plates. (SH +4) [potion of mutation]
   516 | D        | Gained mutation: You have an increased reservoir of magic. (+10% MP) [potion of mutation]
   516 | D        | Gained mutation: You are covered in fur. (AC +1) [potion of mutation]
   516 | D        | Gained mutation: You are resistant to hostile enchantments. (MR+) [potion of mutation]
   517 | D        | Lost mutation: You are resistant to hostile enchantments. (MR+) [potion of mutation]
   517 | D        | Lost mutation: You are covered in fur. (AC +1) [potion of mutation]
   517 | D        | Lost mutation: You have an increased reservoir of magic. (+10% MP) [potion of mutation]
   517 | D        | Gained mutation: Your mind is acute. (Int +2) [potion of mutation]
   517 | D        | Gained mutation: Scrolls take you a little longer to read. [potion of mutation]
   517 | D        | Gained mutation: You expend magic power (3 MP) to strengthen your wands. [potion of mutation]
   518 | D        | Lost mutation: Your mind is acute. (Int +2) [potion of mutation]
   518 | D        | Lost mutation: You expend magic power (3 MP) to strengthen your wands. [potion of mutation]
   518 | D        | Gained mutation: Your flesh is heat resistant. (rF+) [potion of mutation]
   518 | D        | Gained mutation: Your magical capacity is low. (-10% MP) [potion of mutation]
   518 | D        | Gained mutation: Your spells are a little harder to cast, but a little more powerful. [potion of mutation]
   535 | D        | Noticed a water elemental
   540 | D        | Killed a water elemental
   540 | D        | Reached skill level 9 in Axes
   540 | D        | Reached XP level 4. HP: 38/47 MP: 2/2
   546 | D        | Found a glowing silver altar of Zin.
   546 | D        | Found a glowing golden altar of the Shining One.
   546 | D        | Found a white marble altar of Elyvilon.
   547 | D        | Noticed a deep elf mage
   548 | D        | Killed from afar by a deep elf mage

Vault maps used:
D:        dungeon_sprint_mu

Skill      XL: |  1  2  3 |
---------------+----------+-----
Fighting       | 5 7 |  7.6
Axes           | 6 9 |  9.6
Armour         | |  3.6
Shields        | |  3.6

Action                   |  1- 3 |  4- 6 || total
-------------------------+-------+-------++-------
Melee: War axe           |    29 |       ||    29
       Headbutt          |     8 |       ||     8
  Use: Potion            |     5 |       ||     5
Armor: Scale mail        |     2 |       ||     2
Dodge: Dodged            |    10 |       ||    10
Block: Shield            |    10 |       ||    10

Table legend:
 A = Spawn XP
 B = Non-spawn XP
 C = Spawn XP percentage of total XP
 D = Spawn monster count
 E = Non-spawn monster count
 F = Spawn count percentage of total count
 G = Total turns spent on level
                    A         B        C        D         E        F      G
               +---------+---------+-------+---------+---------+-------+---------
         Total |       0 |     176 |   0.0 |       0 |       7 |   0.0 |   548
               +---------+---------+-------+---------+---------+-------+---------
             D |       0 |     176 |   0.0 |       0 |       7 |   0.0 |   548
               +---------+---------+-------+---------+---------+-------+---------
